 Dungeon Crawl Stone Soup version 0.31.0-11-ge490571c62 (webtiles) character file.

Game seed: 5186336649504305176

25 Gadfly the Ruffian (level 2, 0/21 HPs)
             Began as a Demonspawn Shapeshifter on Jan 27, 2024.
             Slain by an adder (1 damage)
             ... on level 2 of the Dungeon.
             The game lasted 00:00:58 (649 turns).

Gadfly the Ruffian (Demonspawn Shapeshifter)         Turns: 649, Time: 00:00:58

Health: 0/21       AC:  2    Str: 14    XL:     2   Next: 86%
Magic:  2/2        EV: 12    Int: 10    God:
Gold:   62         SH:  0    Dex: 12    Spells: 1/1 levels left

rFire   . . .        b - +1 demon trident (venom)
rCold   . . .        (no shield)
rNeg    . . .        a - +0 animal skin
rPois   .            (helmet currently unavailable)
rElec   .            (cloak currently unavailable)
rCorr   .            (gloves currently unavailable)
SInv    .            (boots currently unavailable)
Will    .....        (no amulet)
Stlth   +            (no ring)
HPRegen 0.23/turn    (no ring)
MPRegen 0.08/turn

%: no passive effects
@: lethally poisoned (0 -> -2), beast-form
A: beast (slay +1), powered by death 1
a: Begin Untransformation


You were on level 2 of the Dungeon.
You were a hulking beast.
You visited 1 branch of the dungeon, and saw 2 of its levels.

You collected 62 gold pieces.

Inventory:

Hand Weapons
 b - a +1 demon trident of venom (weapon)
Armour
 a - a +0 animal skin (worn)
Talismans
 c - a beast talisman
 d - a flux talisman
Potions
 e - a potion of lignification


   Skills:
 + Level 1.2 Fighting
 * Level 2.1 Dodging
 + Level 3.0 Unarmed Combat
 * Level 1.1 Evocations
 + Level 2.8 Shapeshifting


You had one spell level left.
You didn't know any spells.
Your spell library was empty.

Dungeon Overview and Level Annotations

Branches:
Dungeon (2/15)

Altars:


Innate Abilities, Weirdness & Mutations

You are a hulking beast.
Your limbs bulge with bestial killing power. (Slay +1)
You regenerate a little health from kills.


Message History

You kill the jackal!
No target in view!
No target in view!
No target in view!
No target in view!
No target in view!
No target in view!
No target in view!
No target in view!
No target in view!
No target in view!
No target in view!
An adder is nearby!
An adder is nearby!
An adder is nearby!
An adder is nearby!
The adder hisses angrily.
Items here: ††††.
You reach to attack!
You closely miss the adder. You closely miss the adder. The adder bites you. x2
You are too injured to fight recklessly!
You are too injured to fight recklessly!
You are too injured to fight recklessly!
You are too injured to fight recklessly!
You are too injured to fight recklessly!
You are too injured to fight recklessly!
You are too injured to fight recklessly!
An adder is nearby!
You barely miss the adder. The adder bites you.
You are poisoned.
The adder poisons you! The adder barely misses you.
You miss the adder. Your punch misses the adder.
* * * LOW HITPOINT WARNING * * *
You feel sick. The adder barely misses you. The adder bites you.
* * * LOW HITPOINT WARNING * * *
You hit the adder.
The adder is heavily wounded.
* * * LOW HITPOINT WARNING * * *
You feel sick. The adder bites you.
You die...

...
...
...
#.#
#?#
#.#
#S#
#h#
#†#
#.#
#.#
#.#
#.#
#.#
#<#
###


You could see an adder.

Vanquished Creatures
  A giant cockroach (D:1)
  A hobgoblin (D:1)
  6 jackals
  3 kobolds (D:1)
  A quokka (D:1)
  2 ball pythons (D:1)
  3 bats (D:1)
  2 frilled lizards
  4 goblins (D:1)
  2 rats (D:1)
25 creatures vanquished.

Notes
Turn   | Place    | Note
-------+----------+-------------------------------------------
     0 | D:1      | Gadfly the Demonspawn Shapeshifter began the quest for the
                  | Orb.
     0 | D:1      | Reached XP level 1. HP: 15/15 MP: 1/1
   221 | D:1      | Gained mutation: You regenerate a little health from kills.
                  | [demonic ancestry]
   221 | D:1      | Reached XP level 2. HP: 7/21 MP: 2/2
   465 | D:1      | Reached skill level 1 in Evocations
   631 | D:2      | Reached skill level 3 in Unarmed Combat
   649 | D:2      | HP: 1/21 [poisoned by an adder]
   649 | D:2      | Slain by an adder

Illustrated notes

Levels and vault maps discovered:
D:1:      ebering_trefoil_3fold, layout_loops_ring
D:2:      layout_basic, basic_altar, roderic_roman_lattice

Skill      XL: |  1  2 |
---------------+-------+-----
Dodging        | 2 |  2.1
Evocations     | 1 |  1.1
Unarmed Combat | 3 |  3.0
Fighting       | |  1.2
Shapeshifting  | |  2.8

Action                     || total
---------------------------++-------
  Melee: Demon trident     ||    73
    Use: Scroll            ||     3
 Armour: Animal skin       ||    48
  Dodge: Dodged            ||    41
